 Dungeon Crawl Stone Soup version 0.28-a0-683-ga8797d1ae1 (webtiles) character file.

Game seed: 14799858507403435208

594 pokeman the Magician (level 7, -1/38 HPs)
             Began as a Deep Elf Hedge Wizard on Oct 18, 2021.
             Slain by an ogre (25 damage)
             ... on level 4 of the Dungeon.
             The game lasted 00:06:42 (4103 turns).

pokeman the Magician (Deep Elf Hedge Wizard)        Turns: 4103, Time: 00:06:43

Health: -1/38      AC: 10    Str:  7    XL:     7   Next: 16%
Magic:  13/20      EV: 12    Int: 21    God:
Gold:   171        SH:  0    Dex: 14    Spells: 10/21 levels left

rFire   . . .      SeeInvis .   l - +1 whip (venom)
rCold   . . .      Faith    .   (no shield)
rNeg    + . .      Spirit   .   p - +0 leather armour
rPois   .          Reflect  .   c - +0 hat
rElec   .          Harm     .   f - +2 cloak {Stlth+}
rCorr   .          Rampage  .   (no gloves)
Will    .....                   (no boots)
Stlth   +++.......              (no amulet)
HPRegen 0.12/turn               s - +4 ring of protection
MPRegen 0.17/turn               t - ring of positive energy

@: no status effects
A: no striking features
a: no special abilities


You were on level 4 of the Dungeon.
You visited 1 branch of the dungeon, and saw 4 of its levels.

You collected 171 gold pieces.

Inventory:

Hand Weapons
 l - a +1 whip of venom (weapon)
Missiles
 h - 65 arrows
 m - 21 bolts
Armour
 c - a +0 hat (worn)
 f - a +2 cloak of stealth (worn)
 p - a +0 leather armour (worn)
Jewellery
 s - a +4 ring of protection (left hand)
 t - a ring of positive energy (right hand)
Scrolls
 e - 3 scrolls of enchant weapon {unknown}
 g - a scroll of magic mapping {unknown}
 k - 2 scrolls of fog {unknown}
 n - a scroll of silence {unknown}
 o - 3 scrolls of identify {unknown}
Potions
 a - a potion of heal wounds {unknown}
 b - a potion of curing {unknown}
 d - a potion of magic {unknown}
 i - a potion of degeneration {unknown}
 j - a potion of might {unknown}
 q - a potion of ambrosia {unknown}
 r - a potion of invisibility {unknown}
 u - a potion of flight {unknown}


   Skills:
 + Level 1.6 Fighting
 - Level 1.0 Armour
 - Level 3.3 Dodging
 - Level 3.0 Stealth
 * Level 7.8 Spellcasting
 + Level 3.7 Conjurations
 - Level 1.1 Summonings
 - Level 1.1 Translocations
 - Level 1.6 Fire Magic
 - Level 1.0 Air Magic
 + Level 1.5 Poison Magic


You had 10 spell levels left.
You knew the following spells:

 Your Spells              Type           Power      Damage    Failure   Level
a - Magic Dart            Conj           96%        1d7       2%          1
b - Mephitic Cloud        Conj/Pois/Air  17%        N/A       16%         3
c - Call Imp              Summ           12%        N/A       12%         2
d - Blink                 Tloc           N/A        N/A       12%         2
e - Conjure Flame         Conj/Fire      19%        6-21      12%         3

Your spell library contained the following spells:

 Spells                   Type           Power      Damage    Failure   Level
 Ensorcelled Hibernation  Hex/Ice        16%        N/A       19%         2
 Passwall                 Tmut/Erth      6%         N/A       19%         2
 Slow                     Hex            8%         N/A       19%         2
 Swiftness                Air            12%        N/A       22%         3
 Spider Form              Tmut/Pois      5%         N/A       26%         3
 Summon Guardian Golem    Hex/Summ       10%        N/A       28%         3
 Cause Fear               Hex            4%         N/A       75%         4
 Invisibility             Hex            4%         N/A       100%        6
 Dragon Form              Tmut           4%         N/A       100%        7
 Orb of Destruction       Conj           12%        9d6       100%        7
 Spellforged Servitor     Conj/Summ      9%         N/A       100%        7
 Dragon's Call            Summ           6%         N/A       100%        9


Dungeon Overview and Level Annotations

Branches:
Dungeon (4/15)
 Temple: D:4-7

Altars:
Okawaru
Wu Jian

Shops:
D:4 :


Message History

The ogre is moderately wounded.
Casting: Magic Dart (safe; 2% risk of failure)
Confirm with . or Enter, or press ? or * to list all spells.
Aiming: Magic Dart (safe; 2% risk of failure)
Press: ? - help, Shift-Dir - straight line, f/p - ogre
Aim: an ogre, wielding a +0 giant spiked club (moderately wounded, 100% to hit)
The magic dart hits the ogre.
The ogre is heavily wounded.
Casting: Magic Dart (safe; 2% risk of failure)
Confirm with . or Enter, or press ? or * to list all spells.
Aiming: Magic Dart (safe; 2% risk of failure)
Press: ? - help, Shift-Dir - straight line, f/p - ogre
Aim: an ogre, wielding a +0 giant spiked club (heavily wounded, 100% to hit)
The magic dart hits the ogre.
The ogre is severely wounded.
Casting: Magic Dart (safe; 2% risk of failure)
Confirm with . or Enter, or press ? or * to list all spells.
Aiming: Magic Dart (safe; 2% risk of failure)
Press: ? - help, Shift-Dir - straight line, f/p - ogre
Aim: an ogre, wielding a +0 giant spiked club (severely wounded, 100% to hit)
The magic dart hits the ogre but does no damage.
The ogre is severely wounded.
Casting: Magic Dart (safe; 2% risk of failure)
Confirm with . or Enter, or press ? or * to list all spells.
Aiming: Magic Dart (safe; 2% risk of failure)
Press: ? - help, Shift-Dir - straight line, f/p - ogre
Aim: an ogre, wielding a +0 giant spiked club (severely wounded, 100% to hit)
The magic dart hits the ogre.
The ogre is almost dead.
The ogre hits you with a +0 giant spiked club!
Casting: Magic Dart (safe; 2% risk of failure)
Confirm with . or Enter, or press ? or * to list all spells.
Aiming: Magic Dart (safe; 2% risk of failure)
Press: ? - help, Shift-Dir - straight line, f/p - ogre
Aim: an ogre, wielding a +0 giant spiked club (almost dead, 100% to hit)
The magic dart hits the ogre.
The ogre is almost dead.
The ogre hits you with a +0 giant spiked club!!
Ouch! That really hurt!
You die...

#....# .###.# #...#####
#.#...#
#.......####.....##
#..........#......#
###................
##..............# #
###........∩......#...
##.#..##....)....#.....
##..#...#......#@.......
.#........#...##.O......
...###........##........
.)## ###....####........
...# ##.#..# #..#.....
#.## ###..##.. .#.#.....
#..##...... .# # .# .##.
##......# ..#. .. ..
#.......##.....


You could see an ogre.

Vanquished Creatures
  Sigmund (D:3)
  An ogre (D:4)
  2 phantoms (D:4)
  2 hounds (D:4)
  A centaur skeleton (D:4)
  A hound skeleton (D:4)
  2 gnolls
  5 worms
  2 dart slugs
  5 ball pythons
  5 bats
  4 endoplasms
  3 giant cockroaches
  7 goblins
  7 hobgoblins
  6 jackals
  2 quokkas
  A frilled lizard (D:1)
  8 kobolds
  A quokka skeleton (D:4)
  4 rats
70 creatures vanquished.

Notes
Turn   | Place    | Note
-------+----------+-------------------------------------------
     0 | D:1      | pokeman the Deep Elf Hedge Wizard began the quest for the
                  | Orb.
     0 | D:1      | Reached XP level 1. HP: 10/10 MP: 7/7
   343 | D:1      | Reached XP level 2. HP: 15/15 MP: 4/9
   684 | D:1      | Reached skill level 5 in Spellcasting
   873 | D:1      | Reached XP level 3. HP: 20/20 MP: 6/11
  1358 | D:2      | Learned a level 3 spell: Mephitic Cloud
  1361 | D:2      | Learned a level 2 spell: Call Imp
  1364 | D:2      | Learned a level 2 spell: Blink
  1368 | D:2      | Learned a level 3 spell: Conjure Flame
  1596 | D:2      | Reached skill level 1 in Fighting
  1771 | D:2      | Reached skill level 1 in Armour
  2297 | D:2      | Found a faded altar of an unknown god.
  2460 | D:3      | Found an ornate altar of the Wu Jian Council.
  2583 | D:3      | Reached XP level 4. HP: 19/25 MP: 0/13
  2721 | D:3      | Noticed Sigmund
  2746 | D:3      | Killed Sigmund
  2747 | D:3      | Reached skill level 6 in Spellcasting
  2747 | D:3      | Reached skill level 1 in Fire Magic
  2747 | D:3      | Reached XP level 5. HP: 20/29 MP: 5/16
  3273 | D:4      | Noticed a phantom
  3281 | D:4      | Noticed an ogre
  3287 | D:4      | Killed a phantom
  3288 | D:4      | Reached skill level 7 in Spellcasting
  3288 | D:4      | Reached XP level 6. HP: 21/34 MP: 4/18
  3383 | D:4      | Reached skill level 1 in Air Magic
  3636 | D:4      | Found an iron altar of Okawaru.
  3702 | D:4      | Found Vod Yti's Book Emporium.
  3728 | D:4      | Reached skill level 1 in Poison Magic
  3894 | D:4      | Reached XP level 7. HP: 27/38 MP: 3/20
  4103 | D:4      | Slain by an ogre

Illustrated notes

Levels and vault maps discovered:
D:1:      lordsloth_arrival_two_stooges, layout_loops_ring,
          kennysheep_nondescript, minmay_pentomino_o2
D:2:      layout_loops_ring, shapermc_ecumenical_altar_totnotflames,
          palyth_stone_intersect, lemuel_old_faithful
D:3:      layout_basic, lemuel_crystal_altar, uniq_sigmund
D:4:      layout_cave_pools, kennysheep_mini, kennysheep_okawaru_gauntlet,
          temple_fountains, serial_shops, shop, grunt_ministairs_1,
          patterned_corridor

Skill      XL: |  1  2  3  4  5  6 |
---------------+-------------------+-----
Spellcasting   | 5 6 7 |  7.8
Fighting       | 1 |  1.6
Armour         | 1 |  1.0
Conjurations   | 2 3 |  3.7
Dodging        | 3 |  3.3
Fire Magic     | 1 |  1.6
Stealth        | 3 |  3.0
Air Magic      | 1 |  1.0
Poison Magic   | 1 |  1.5
Summonings     | |  1.1
Translocations | |  1.1

Action                   |  1- 3 |  4- 6 |  7- 9 || total
-------------------------+-------+-------+-------++-------
Melee: Whip              |     3 |    10 |     5 ||    18
 Cast: Magic Dart        |   134 |    89 |    14 ||   237
       Mephitic Cloud    |       |     3 |       ||     3
       Conjure Flame     |       |     2 |       ||     2
       Blink             |       |     1 |       ||     1
 Stab: Confused          |       |     1 |       ||     1
Armor: Robe              |     8 |       |       ||     8
       Leather armour    |     1 |    19 |     2 ||    22
Dodge: Dodged            |    13 |    55 |     1 ||    69

Table legend: (Time is in decaauts)
 A = Elapsed time spent in this place.
 B = Non-inter-level travel time spent in this place.
 C = Inter-level travel time spent in this place.
 D = Time resting spent in this place.
 E = Time spent auto-exploring this place.
 F = Levels seen in this place.
 G = Mean time per level.
                   A        B        C        D        E       F      G
               +--------+--------+--------+--------+--------+-----+--------+
         Total |   4104 |   4030 |     74 |    143 |   3343 |   4 | 1026.0 |
       Dungeon |   4104 |   4030 |     74 |    143 |   3343 |   4 | 1026.0 |
               +--------+--------+--------+--------+--------+-----+--------+

Top non-repeatable levels by time:
     D:1: 1352 daAuts
     D:2: 1088 daAuts
     D:3: 935 daAuts
     D:4: 729 daAuts
